 Dungeon Crawl Stone Soup version 0.26-a0-495-g20a46bd (webtiles) character file.

Game seed: 16571208897626065825

408 robertstho the Slinger (level 7, -3/45 HPs)
             Began as a Halfling Hunter on Aug 5, 2020.
             Shot with an arrow by a centaur (9 damage)
             ... on level 5 of the Dungeon.
             The game lasted 00:03:47 (1822 turns).

robertstho the Slinger (Halfling Hunter)            Turns: 1822, Time: 00:03:48

Health: -3/45      AC:  8    Str: 13    XL:     7   Next: 13%
Magic:  7/7        EV:  8    Int:  9    God:
Gold:   184        SH:  0    Dex: 17    Spells: 6/6 levels left

rFire    . . .     SeeInvis .   a - +1 hunting sling
rCold    . . .     Faith    .   (shield restricted)
rNeg     . . .     Spirit   .   o - +0 chain mail
rPois    .         Reflect  .   (no helmet)
rElec    .         Harm     .   (no cloak)
rCorr    .                      (no gloves)
MR       .....                  (no boots)
Stlth    ..........             (no amulet)
HPRegen  0.15/turn              (no ring)
MPRegen  0.10/turn              (no ring)

@: heavily drained
A: small, mutation resistance 1
a: no special abilities


You were on level 5 of the Dungeon.
You visited 1 branch of the dungeon, and saw 5 of its levels.

You collected 184 gold pieces.

Inventory:

Hand Weapons
 a - a +1 hunting sling (weapon)
 r - a +0 vampiric long sword
Missiles
 f - 54 stones (quivered)
Armour
 o - a +0 chain mail (worn)
Scrolls
 h - 3 scrolls of remove curse {unknown}
 i - 2 scrolls of identify {unknown}
 j - 2 scrolls of enchant armour {unknown}
 l - a scroll of blinking {unknown}
 n - a scroll of enchant weapon {unknown}
 q - a scroll of fear {unknown}
Potions
 k - a potion of curing
 m - a potion of heal wounds {unknown}
 p - a potion of mutation {unknown}


   Skills:
 * Level 2.8(1.6) Fighting
 * Level 10.2(8.7) Slings
 + Level 0.2(3.1) Throwing
 + Level 2.0(0.8) Armour
 + Level 2.3(1.1) Dodging
 + Level 1.1(0.0) Stealth


You had 6 spell levels left.
You didn't know any spells.
Your spell library was empty.

Dungeon Overview and Level Annotations

Branches:
Dungeon (6/15)
 Temple: D:4-7

Altars:


Innate Abilities, Weirdness & Mutations

You are small and have problems with some larger weapons.
You are somewhat resistant to further mutation.


Message History

The wight closely misses you.
You climb upwards.
There is a stone staircase leading down here.
You start resting.
A centaur comes into view.
Firing (i - inventory. (/) - cycle)
d - 2 sling bullets (quivered)
Press: ? - help, Shift-Dir - straight line, f - centaur
Aim: a centaur, quivering 24 arrows (wandering, hasn't noticed you)
You shoot a sling bullet. The sling bullet hits the centaur.
The centaur is lightly wounded.
The centaur wields a +0 shortbow.
The centaur shoots an arrow.
The arrow hits you!
* * * LOW HITPOINT WARNING * * *
Firing (i - inventory. (/) - cycle)
d - a sling bullet (quivered)
Press: ? - help, Shift-Dir - straight line, f/p - centaur
Aim: a centaur, wielding a +0 shortbow and quivering 23 arrows (lightly wounded)
You shoot a sling bullet. The sling bullet hits the centaur.
The centaur is moderately wounded.
The centaur shoots an arrow.
The arrow hits you!
You die...

# .. ... #.##
###....
.c...###.......
#.............
#@.......
...............
###..##.......#
#. ##....... #.
....#.# #
##..... ....#
.....


You could see a centaur.

Vanquished Creatures
  An ogre (D:6)
  A necrophage (D:6)
  2 wights (D:6)
  2 hounds (D:6)
  An iguana (D:6)
  A killer bee zombie (D:6)
  An ooze (D:1)
  A worm (D:2)
  2 dart slugs (D:1)
  A leopard gecko (D:2)
  4 orcs
  A giant cockroach (D:1)
  4 hobgoblins (D:2)
  2 jackals (D:1)
  3 kobolds
  A quokka (D:2)
  A frilled lizard (D:1)
  9 goblins
  9 rats
47 creatures vanquished.

Notes
Turn   | Place    | Note
-------+----------+-------------------------------------------
     0 | D:1      | robertstho the Halfling Hunter began the quest for the Orb.
     0 | D:1      | Reached XP level 1. HP: 14/14 MP: 1/1
    31 | D:1      | Reached skill level 6 in Slings
    52 | D:1      | Reached XP level 2. HP: 19/19 MP: 2/2
   327 | D:1      | Reached XP level 3. HP: 24/24 MP: 3/3
   453 | D:1      | Reached skill level 7 in Slings
   983 | D:2      | Reached XP level 4. HP: 29/29 MP: 4/4
  1468 | D:3      | You fall into a shaft and drop 3 floors!
  1471 | D:6      | Noticed a necrophage
  1478 | D:6      | Killed a necrophage
  1478 | D:6      | Reached skill level 8 in Slings
  1478 | D:6      | Reached XP level 5. HP: 35/35 MP: 5/5
  1521 | D:6      | Reached skill level 9 in Slings
  1521 | D:6      | Reached XP level 6. HP: 21/40 MP: 6/6
  1530 | D:6      | Reached skill level 1 in Armour
  1598 | D:6      | Noticed an ogre
  1602 | D:6      | Killed an ogre
  1712 | D:6      | Reached skill level 10 in Slings
  1712 | D:6      | Reached XP level 7. HP: 38/45 MP: 7/7
  1799 | D:5      | Entered Level 5 of the Dungeon
  1822 | D:5      | Shot with an arrow by a centaur

Illustrated notes

Levels and vault maps discovered:
D:1:      lightli_arrival_flooded_house, layout_basic
D:2:      cheibrodos_greedy_goblins, layout_loops_ring,
          nicolae_overflow_hidden_temple
D:3:      layout_basic, serial_curves, eino_curves_03, eino_curves_04,
          minmay_misc_feat_five
D:5:      layout_loops_ring, old_standard_altar, nicolae_overflow_crystal_walls,
          minmay_temple_entry_enclosed_plants
D:6:      layout_cave_pools, tgw_trog, minitemple, elyvilon_altar_1,
          uniq_maggie, uniq_eustachio

Skill      XL: |  1  2  3  4  5  6  7 |
---------------+----------------------+-----
Slings         | 6 7 8 9 10 | 10.2
Fighting       | 2 |  2.8
Armour         | 1 2 |  2.0
Throwing       | |  0.2
Dodging        | |  2.3
Stealth        | |  1.1

Action                   |  1- 3 |  4- 6 |  7- 9 || total
-------------------------+-------+-------+-------++-------
 Fire: Hunting sling     |    89 |    77 |    19 ||   185
  Use: Potion            |       |     1 |       ||     1
Armor: Ring mail         |     2 |     1 |       ||     3
       Chain mail        |       |    10 |     1 ||    11
Dodge: Dodged            |    10 |    17 |     3 ||    30

Table legend: (Time is in decaauts)
 A = Elapsed time spent in this place.
 B = Non-inter-level travel time spent in this place.
 C = Inter-level travel time spent in this place.
 D = Time resting spent in this place.
 E = Time spent auto-exploring this place.
 F = Levels seen in this place.
 G = Mean time per level.
                   A        B        C        D        E       F      G
               +--------+--------+--------+--------+--------+-----+--------+
         Total |   1785 |   1759 |     26 |     21 |   1434 |   5 |  357.0 |
       Dungeon |   1785 |   1759 |     26 |     21 |   1434 |   5 |  357.0 |
               +--------+--------+--------+--------+--------+-----+--------+

Top non-repeatable levels by time:
     D:2: 750 daAuts
     D:1: 555 daAuts
     D:6: 313 daAuts
     D:3: 144 daAuts
     D:5: 22 daAuts
